 Dungeon Crawl Stone Soup version 0.30-a0-591-g3c58d2bc28 (webtiles) character file.

Game seed: 7340756857611414177

137 omnomnOMINOUS the Trooper (level 5, -2/37 HPs)
             Began as an Octopode Wanderer on Jan 5, 2023.
             Was a Priest of Uskayaw.
             Slain by a water moccasin (9 damage)
             ... in a sewer.
             The game lasted 00:04:40 (1091 turns).

omnomnOMINOUS the Trooper (Octopode Wanderer)       Turns: 1091, Time: 00:04:40

Health: -2/37      AC:  1    Str: 13    XL:     5   Next: 20%
Magic:  7/7        EV: 13    Int: 13    God:    Uskayaw [***...]
Gold:   142        SH:  0    Dex: 13    Spells: 7/7 levels left

rFire   . . .      SeeInvis .    a - +2 quarterstaff
rCold   . . .      Faith    .    (shield currently unavailable)
rNeg    + . .      Spirit   .    (helmet restricted)
rPois   .          Reflect  .    f - amulet of regeneration
rElec   .          Harm     .    l - ring of positive energy
rCorr   .          Rampage  .    (no ring)
Will    .....                    (no ring)
Stlth   +++                      (no ring)
HPRegen 1.06/turn                (no ring)
MPRegen 0.10/turn                (no ring)
                                 (no ring)
                                 (no ring)

@: lethally poisoned (-2 -> -17)
A: almost no armour, amphibious, 8 rings, camouflage 1, gelatinous body 1,
nimble swimmer 1, tentacles
a: Renounce Religion, Stomp, Line Pass


You were in a sewer.
You worshipped Uskayaw.
Uskayaw was noncommittal.
You visited 1 branch of the dungeon, and saw 3 of its levels.
You also visited: Sewer.

You collected 142 gold pieces.

Inventory:

Hand Weapons
 a - a +2 quarterstaff (weapon)
Jewellery
 f - an amulet of regeneration (around mantle)
 l - a ring of positive energy (left tentacle)
Scrolls
 g - 2 scrolls of amnesia
 h - a scroll of vulnerability
 i - a scroll of fear {unknown}
 k - a scroll of enchant armour {unknown}
 m - 2 scrolls of fog
 n - a scroll of blinking {unknown}
Potions
 b - 2 potions of mutation {unknown}
 c - a potion of flight {unknown}
 d - a potion of ambrosia {unknown}
 e - 2 potions of berserk rage
 j - 2 potions of resistance {unknown}


   Skills:
 + Level 3.8 Fighting
 - Level 3.0(3.6) Maces & Flails
 + Level 3.1(3.7) Staves
 - Level 1.0 Throwing
 + Level 2.1 Dodging
 + Level 1.8 Spellcasting
 - Level 1.1 Evocations


You had 7 spell levels left.
You didn't know any spells.
Your spell library contained the following spells:

 Spells                   Type           Power      Damage    Failure   Level
 Inner Flame              Hex/Fire       1%         N/A       61%         3
 Cause Fear               Hex            0%         N/A       95%         4
 Discord                  Hex            0%         N/A       100%        8


Dungeon Overview and Level Annotations

Branches:
Dungeon (3/15)              Sewer (1/1)

Altars:
Uskayaw


Innate Abilities, Weirdness & Mutations

You cannot wear most types of armour.
You are amphibious.
You can wear up to eight rings at the same time.
Your skin changes colour to match your surroundings (Stealth+).
Your rubbery body absorbs attacks. (AC +1, EV +1)
You are camouflaged when in or above water. (Stealth+)
You have tentacles for arms and can constrict up to eight enemies at once.


Message History

You enter the shallow water.
The helpless water moccasin fails to defend itself.
You hit the water moccasin. Your grab misses the water moccasin.
The water moccasin is lightly wounded.
The water moccasin barely misses you. x2
You closely miss the water moccasin. Your grab misses the water moccasin.
The water moccasin is lightly wounded.
The water moccasin barely misses you.
You barely miss the water moccasin. You grab the water moccasin.
The water moccasin is lightly wounded.
You constrict the water moccasin. The water moccasin barely misses you.
The water moccasin bites you.
You hit the water moccasin.
The water moccasin is moderately wounded.
You constrict the water moccasin. The water moccasin barely misses you.
You can now pass through a line of other dancers.
You hit the water moccasin.
You squeeze the water moccasin, but do no damage.
The water moccasin is moderately wounded.
You constrict the water moccasin. The water moccasin bites you!
The water moccasin closely misses you.
You hit the water moccasin.
You squeeze the water moccasin, but do no damage.
The water moccasin is severely wounded.
You constrict the water moccasin. The water moccasin bites you!
You are poisoned.
The water moccasin poisons you! The water moccasin bites you.
You are lethally poisoned!
The water moccasin poisons you!
Uskayaw will force your foes to helplessly watch your dance.
Uskayaw prepares the audience for your solo!
The helpless water moccasin fails to defend itself.
You hit the water moccasin.
The water moccasin is almost dead.
You constrict the water moccasin.
* * * LOW HITPOINT WARNING * * *
You feel extremely sick.
The water moccasin is no longer paralysed.
The water moccasin bites you!
You die...

######## ###
###......## #[)
###..~.~.~.~.##
#).##.....####.~.~.
###.~...### #.~.
#S@~..~## ##~.
###~~~~.### ###...
#!.##....~####.~~..
#$$ ###..~.~..~..##
### ###....~.###
########


You could see a water moccasin.

Vanquished Creatures
  An orc priest (D:3)
  An adder (D:2)
  2 river rats (D:3)
  7 worms
  A dart slug (D:1)
  3 orcs (D:3)
  4 ball pythons
  4 bats
  3 endoplasms
  4 giant cockroaches
  6 goblins
  4 hobgoblins (D:2)
  A jackal (Sewer)
  A quokka (D:1)
  A frilled lizard (D:1)
  5 kobolds
  8 rats
56 creatures vanquished.

Notes
Turn   | Place    | Note
-------+----------+-------------------------------------------
     0 | D:1      | omnomnOMINOUS the Octopode Wanderer began the quest for the
                  | Orb.
     0 | D:1      | omnomnOMINOUS set off with the following items: a +2
                  | quarterstaff, a +0 mace, 7 boomerangs, a +0 dagger, a
                  | potion of berserk rage.
     0 | D:1      | Reached XP level 1. HP: 16/16 MP: 1/1
    19 | D:1      | Found a faded altar of an unknown god.
    33 | D:1      | Prayed at the altar of an unknown god.
    33 | D:1      | Became a worshipper of Uskayaw the Reveller
    33 | D:1      | Reached * piety under Uskayaw
    37 | D:1      | Reached ** piety under Uskayaw
    38 | D:1      | Reached XP level 2. HP: 19/21 MP: 2/2
   196 | D:1      | Reached skill level 1 in Dodging
   275 | D:1      | Reached XP level 3. HP: 24/26 MP: 4/4
   341 | D:2      | Reached skill level 1 in Spellcasting
   675 | D:2      | Reached XP level 4. HP: 31/31 MP: 4/6
   875 | D:3      | Reached *** piety under Uskayaw
   971 | D:3      | Reached XP level 5. HP: 32/37 MP: 7/7
  1014 | D:3      | Found a glowing drain.
  1019 | Sewer    | Entered a sewer
  1071 | Sewer    | Noticed a water moccasin
  1091 | Sewer    | Slain by a water moccasin

Illustrated notes

Levels and vault maps discovered:
D:1:      sevenhm_arrival_forest_fort_small_6, layout_rooms,
          ebering_ecumenical_altar_abandoned
D:2:      layout_rooms, kennysheep_generic_room_15
D:3:      layout_loops_ring, tso_metal_star, serial_shops,
          nicolae_shop_statue_plus, lightli_sewer_entry_pipes, nicolae_wormholes
Sewer:    sewer_the_moccasin

Skill      XL: |  1  2  3  4 |
---------------+-------------+-----
Dodging        | 1 2 |  2.1
Spellcasting   | 1 |  1.8
Staves         | 3 |  3.1
Fighting       | |  3.8
Maces & Flails | |  3.0
Throwing       | |  1.0
Evocations     | |  1.1

Action                   |  1- 3 |  4- 6 || total
-------------------------+-------+-------++-------
Melee: Quarterstaff      |    64 |    43 ||   107
       Constrict         |    17 |    15 ||    32
       Tentacles         |     7 |    10 ||    17
       Punch             |       |     1 ||     1
Invok: Line Pass         |       |     1 ||     1
  Use: Scroll            |       |     3 ||     3
 Stab: Sleeping          |     4 |     7 ||    11
       Paralysed         |       |     2 ||     2
Armor: Skin              |     6 |     2 ||     8
Dodge: Dodged            |    28 |    15 ||    43

Table legend: (Time is in decaauts)
 A = Elapsed time spent in this place.
 B = Non-inter-level travel time spent in this place.
 C = Inter-level travel time spent in this place.
 D = Time resting spent in this place.
 E = Time spent auto-exploring this place.
 F = Levels seen in this place.
 G = Mean time per level.
                   A        B        C        D        E       F      G
               +--------+--------+--------+--------+--------+-----+--------+
         Total |   1104 |   1029 |     75 |      0 |    671 |   4 |  276.0 |
       Dungeon |   1031 |    956 |     75 |      0 |    626 |   3 |  343.7 |
         Sewer |     72 |     72 |      0 |      0 |     45 |   1 |   72.0 |
               +--------+--------+--------+--------+--------+-----+--------+

Top non-repeatable levels by time:
     D:2: 513 daAuts
     D:1: 341 daAuts
     D:3: 177 daAuts
   Sewer: 72 daAuts
